Deep One, chaotic male human Priest --- ---- --.-- |..-- |...| |...| |...| ---...-----.--- .|......||.).| .........--.--- -.......^...|------ --........---|....-- |....((^%|---.....----- ^ --.(....--............-- .....%...)..0...Yg.....| ....--..(......--M....- ...|-----.|.----.%...| --- ----- |.....-- |.....-- ----...| |...--- ---...| --..| ---- Deep One the Adept Experience level: 8 Strength: 15 Dexterity: 11 Constitution: 13 Intelligence: 8 Wisdom: 18 Charisma: 10 Health: 0(54) Energy: 129(129) Def: 12 Gold: 55 Moves: 7219 Dungeon seed: 9GZCSJTUsQlx5juh Game ID: Deep One_1521477777 Your Inventory: Coins $ - 55 gold pieces Weapons a - a blessed +0 mace (weapon in hand) Armor e - an uncursed +0 robe n - an uncursed +0 small shield (being worn) q - a blessed +1 cloak of displacement (being worn) z - an uncursed +0 pair of iron shoes (being worn) A - an uncursed +0 cloak of protection B - an uncursed +0 helm of brilliance (being worn) Comestibles c - an uncursed clove of garlic d - an uncursed sprig of wolfsbane Z - an uncursed lembas wafer Scrolls o - an uncursed scroll of remove curse x - a cursed scroll of earth y - 2 uncursed scrolls of earth H - an uncursed scroll of amnesia O - a cursed scroll of destroy armor Y - an uncursed scroll of light Potions b - 4 potions of holy water i - a blessed potion of blindness k - an uncursed potion of object detection m - an uncursed potion of oil Rings s - an uncursed ring of teleport control (on left hand) v - an uncursed ring of sustain ability P - an uncursed ring of poison immunity S - an uncursed ring of warning (on right hand) Wands p - an uncursed wand of striking (0:0) w - an uncursed wand of digging (0:4) I - an uncursed wand of speed monster (0:2) M - an uncursed wand of light (0:12) N - an uncursed wand of polymorph (0:6) Q - an uncursed wand of digging (0:7) T - an uncursed wand of locking (0:7) U - an uncursed wand of cancellation (0:6) Tools h - an uncursed oil lamp (0:1391) K - an uncursed mirror V - an uncursed lock pick W - an uncursed oil lamp (lit) (0:954) Spells and supernatural/magical abilities: Name Level Category Fail Memory l - light 1 divination 4% 99% n - detect monsters 1 divination 4% 91% I - identify 2 divination 68% 91% W - pray for help -- divine ? -- X - turn undead -- divine ? -- Your skills at the end: Fighting Skills wands [Basic] Weapon Skills mace [Expert] Spellcasting Skills clerical spells [Basic] Final Attributes: You were immune to cold. You were immune to sleep. You were immune to poison. You were level-drain resistant. You were resistant to death magic. You were warned. You had infravision. You were displaced. You had teleport control. You could survive without air. You were held by an owlbear. You were permanently polymorphed into a human mummy. You could not change form. You last prayed just now. You are dead. Vanquished creatures: a disenchanter 2 giant mimics a giant zombie a small mimic an elf mummy an iron piercer 3 gnome kings a dwarf mummy a yeti a werewolf 2 dogs a dingo a gnome mummy 2 bugbears a mountain nymph 5 Mordor orcs 3 Uruk-hai a rock piercer 2 fog clouds a yellow light a shrieker 5 gnome lords 3 gnomish wizards a kobold mummy 2 gray oozes 3 straw golems 2 baby crocodiles 2 little dogs a floating eye a kitten 10 dwarves 2 hill orcs a rabid rat a giant bat an orc zombie 2 wererats 3 werejackals 2 iguanas 7 killer bees 2 acid blobs a coyote 2 gas spores 6 hobbits 9 manes 2 large kobolds 2 hobgoblins 2 giant rats 7 cave spiders 2 green molds a red mold 39 gnomes 3 geckos 9 jackals 2 foxes a kobold 3 goblins a sewer rat 15 grid bugs 4 bats 4 lichens a newt 200 creatures vanquished. Voluntary challenges: You were vegetarian. You did not eat until turn 4077. You had followed a strict vegan diet until turn 5668. You had been an atheist until turn 7216. You used a wielded weapon 254 times, starting on turn 71. You read items or engraved 10 times, starting on turn 1508. You never genocided any monsters. You never polymorphed an object. You never changed form. You used no wishes. You never split a pudding. You never wrote Elbereth's name. You never violated your personal moral code. Dungeon overview: The Dungeons of Doom: levels 1 to 8 Level 1 a sink a long staircase Level 2 an armor shop Level 3 a fountain stairs to The Gnomish Mines Level 4 a fountain Level 5 many fountains Level 6 a fountain stairs to Sokoban Level 7 a fountain, a vault Level 8 The Gnomish Mines: levels 4 to 9 Level 4 stairs to The Dungeons of Doom Level 5 Level 6 Level 7 many shops, a temple to Hermes, some fountains Level 8 Level 9 <- You were here Sokoban: levels 2 to 5 Level 2 Level 3 Level 4 Level 5 Solved stairs to The Dungeons of Doom History has recorded: On T:1 you entered the Dungeons of Doom to retrieve the Amulet of Yendor! On T:256 you reached level 2 of The Dungeons of Doom. On T:524 you reached level 3 of The Dungeons of Doom. On T:597 you advanced to experience level 2. On T:780 you advanced to experience level 3. On T:924 you reached level 4 of The Dungeons of Doom. On T:1239 you reached level 5 of The Dungeons of Doom. On T:1260 you advanced to experience level 4. On T:1522 you reached level 6 of The Dungeons of Doom. On T:1804 you advanced to experience level 5. On T:1836 you reached level 4 of Sokoban. On T:2304 you reached level 3 of Sokoban. On T:2382 you reached level 7 of The Dungeons of Doom. On T:2853 you reached level 1 of The Gnomish Mines. On T:2939 you advanced to experience level 6. On T:3163 you reached level 2 of The Gnomish Mines. On T:3318 you reached level 3 of The Gnomish Mines. On T:3357 you advanced to experience level 7. On T:3856 you reached level 8 of The Dungeons of Doom. On T:5105 you reached level 2 of Sokoban. On T:5581 you reached level 1 of Sokoban. On T:5591 you advanced to experience level 8. On T:6317 you reached level 4 of The Gnomish Mines. On T:6889 you reached level 5 of The Gnomish Mines. On T:7054 you reached level 6 of The Gnomish Mines. Score breakdown: Gold: 55 ( 5946 points) Experience: 8 levels (14739 points) Exploration: 9 levels ( 18.37%) (12247 points) Discoveries: 38 items ( 12.67%) (10677 points) Valuables value: (no points given unless you survive) Artifact value: 0 ( 0 points) Variety of kills: 61 monsters ( 16.05%) (12019 points) Turncount: 7219 turns (-1897 points) Survival: died (score multiplied by 80%) Total score: 42984 Latest messages: You miss the owlbear. The owlbear hits! (2x) You are being crushed. The gargoyle hits the owlbear. The gargoyle misses the owlbear. (2x) You begin praying to Poseidon. You are surrounded by a shimmering light. The owlbear loosens its grip slightly. (2x) The gargoyle starts to attack you, but pulls back. The owlbear loosens its grip slightly. The gargoyle starts to attack you, but pulls back. You feel that Poseidon is well-pleased. [3 turns] You feel better. The owlbear hits! The owlbear misses. You are being crushed. The gargoyle misses. The gargoyle hits! The gargoyle bites! Final status: Goodbye Deep One the Priest, killed by a gargoyle, while stuck in monster form... You died in The Gnomish Mines on dungeon level 9 with 42984 points, and 55 pieces of gold, after 7219 moves. You were level 8 with a maximum of 48 hit points when you died.